 Dungeon Crawl Stone Soup version 0.28.0-53-g5a82cb258f (webtiles) character file.

Game seed: 14158951186453001794

3 gobodom the Skirmisher (level 1, 0/18 HPs)
             Began as a Demonspawn Cinder Acolyte on June 21, 2022.
             Was a High Priest of Ignis.
             Slain by a quokka (3 damage)
             ... on level 1 of the Dungeon.
             The game lasted 00:00:18 (74 turns).

gobodom the Skirmisher (Demonspawn Cinder Acolyte)    Turns: 74, Time: 00:00:18

Health: 0/18       AC:  2    Str: 14    XL:     1   Next: 41%
Magic:  2/2        EV: 11    Int: 15    God:    Ignis [*****.]
Gold:   4          SH:  0    Dex:  8    Spells: 2/2 levels left

rFire   + . .      SeeInvis .   a - -1 hand axe (flame)
rCold   . . .      Faith    .   (no shield)
rNeg    . . .      Spirit   .   b - +0 robe
rPois   .          Reflect  .   (no helmet)
rElec   .          Harm     .   (no cloak)
rCorr   .          Rampage  .   (no gloves)
Will    .....                   (no boots)
Stlth   +.........              (no amulet)
HPRegen 0.06/turn               (no ring)
MPRegen 0.08/turn               (no ring)

@: no status effects
A: no striking features
a: Renounce Religion, Fiery Armour, Foxfire Swarm, Rising Flame


You were on level 1 of the Dungeon.
You worshipped Ignis.
Ignis was extremely pleased with you.
You visited 1 branch of the dungeon, and saw 1 of its levels.

You collected 4 gold pieces.

Inventory:

Hand Weapons
 a - a -1 hand axe of flaming (weapon)
Armour
 b - a +0 robe (worn)


   Skills:
 + Level 3.0 Fighting
 + Level 2.9 Axes
 + Level 1.0 Spellcasting
 + Level 2.6 Fire Magic


You had 2 spell levels left.
You didn't know any spells.
Your spell library contained the following spells:

 Spells                   Type           Power      Damage    Failure   Level
 Scorch                   Fire           16%        2d5       12%         2


Dungeon Overview and Level Annotations

Branches:
Dungeon (1/15)

Altars:


Message History

You see here a ball python corpse.
You see here a ball python corpse.
Things that are here:
a +0 club; a goblin corpse A kobold and a quokka come into view.
You barely miss the quokka. The quokka barely misses you.
You completely miss the quokka. You closely miss the kobold.
The quokka bites you but does no damage.
The kobold completely misses you. The quokka bites you.
You closely miss the quokka. You hit the kobold. You burn the kobold.
You kill the kobold!
The quokka barely misses you.
You closely miss the quokka. The quokka barely misses you.
You barely miss the quokka. The quokka bites you. The quokka misses you.
You closely miss the quokka. The quokka bites you.
You closely miss the quokka. The quokka misses you.
You hit the quokka but do no damage.
The quokka twitches its whiskers.
The quokka barely misses you. The quokka closely misses you.
You barely miss the quokka. The quokka bites you.
You barely miss the quokka. The quokka bites you.
You hit the quokka but do no damage. The quokka bites you.
* * * LOW HITPOINT WARNING * * *
The quokka misses you.
You closely miss the quokka. The quokka bites you.
* * * LOW HITPOINT WARNING * * *
You hit the quokka but do no damage. The quokka barely misses you. x2
You barely miss the quokka. The quokka closely misses you.
You barely miss the quokka. The quokka barely misses you.
You closely miss the quokka. The quokka closely misses you.
The quokka barely misses you.
You completely miss the quokka. The quokka bites you.
* * * LOW HITPOINT WARNING * * *
You closely miss the quokka.
The quokka twitches its whiskers.
The quokka closely misses you.
You hit the quokka. You burn the quokka.
The quokka is severely wounded.
The quokka bites you.
You die...

###### #### #...). ..#
#.#### ### #.# #.#
.....###.##########.####
......r@................
.###..)..######.########
####.## #.# #.# #.# #.#
#.# # #.# #.#####.## #.#
###......... #.#
##<##........
###...#.#.#####


You could see a quokka.

Vanquished Creatures
  A goblin (D:1)
  A ball python (D:1)
  A frilled lizard (D:1)
  A kobold (D:1)
4 creatures vanquished.

Notes
Turn   | Place    | Note
-------+----------+-------------------------------------------
     0 | D:1      | gobodom the Demonspawn Cinder Acolyte began the quest for
                  | the Orb.
     0 | D:1      | Reached XP level 1. HP: 18/18 MP: 2/2
    74 | D:1      | Slain by a quokka

Illustrated notes

Levels and vault maps discovered:
D:1:      saegor_arrival_simple_a, layout_basic

Action                   || total
-------------------------++-------
Melee: Hand axe          ||    25
Armor: Robe              ||     1
Dodge: Dodged            ||    20
